 Dungeon Crawl Stone Soup version 0.21.1-1-g345015f (webtiles) character file.

207 Fang the Skirmisher (level 5, 0/34 HPs)
             Began as a Gargoyle Berserker on June 15, 2018.
             Was a Believer of Trog.
             Slain by an adder (2 damage)
             ... on level 4 of the Dungeon.
             The game lasted 00:02:47 (2953 turns).

Fang the Skirmisher (Gargoyle Berserker)            Turns: 2953, Time: 00:02:47

Health: 0/34       AC:  6    Str: 21    XL:     5   Next: 85%
Magic:  5/5        EV: 12    Int:  8    God:    Trog [**....]
Gold:   179        SH:  0    Dex: 12    Spells: 4/4 levels left

rFire    . . .     SeeInvis .   a - +0 hand axe
rCold    . . .     Gourm    .   (no shield)
rNeg     + . .     Faith    .   b - +0 animal skin
rPois    ∞         Spirit   .   (no helmet)
rElec    +         Reflect  .   (no cloak)
rCorr    .         Harm     .   (no gloves)
MR       .....                  (no boots)
Stlth    ++........             (no amulet)
HPRegen  0.11/turn              g - +3 ring of dexterity
MPRegen  0.09/turn              (no ring)

@: berserk cooldown, slowed, very slow
A: negative energy resistance 1, electricity resistance, unbreathing,
petrification resistance, rot immunity, AC +4
a: Berserk, Trog's Hand, Burn Spellbooks, Renounce Religion


You were on level 4 of the Dungeon.
You worshipped Trog.
Trog was pleased with you.
You were near starving.

You visited 1 branch of the dungeon, and saw 4 of its levels.

You collected 179 gold pieces.

Inventory:

Hand Weapons
 a - a +0 hand axe (weapon)
Armour
 b - a +0 animal skin (worn)
Jewellery
 g - a +3 ring of dexterity (left hand)
 k - a +5 ring of dexterity
Scrolls
 f - 2 scrolls of remove curse {unknown}
 h - a scroll of magic mapping {unknown}
 i - 4 scrolls of identify {unknown}
 j - 2 scrolls of teleportation {unknown}
 n - a scroll of amnesia {unknown}
Potions
 d - 2 potions of lignification {unknown}
 l - a potion of curing {unknown}
 m - a potion of mutation {unknown}
 p - 2 potions of resistance {unknown}
Comestibles
 c - 6 rations
 o - a chunk of flesh


   Skills:
 + Level 4.4 Fighting
 + Level 4.3 Axes
 + Level 2.4 Armour
 + Level 2.4 Dodging
 + Level 1.4 Stealth


You had 4 spell levels left.
You didn't know any spells.

Dungeon Overview and Level Annotations

Branches:
Dungeon (4/15)
 Temple: D:4-7

Altars:
Dithmenos
Kikubaaqudgha
Makhleb
Okawaru

Annotations:
D:4 Lucherd's ghost, amateur MiFi


Innate Abilities, Weirdness & Mutations

You are resistant to torment.
Your stone body is resilient. (AC +4)
You are immune to poison.
You resist negative energy. (rN+)
You are resistant to electric shocks. (rElec)
You can survive without breathing.
You are immune to petrification.
You are immune to rotting.


Message History

Lucherd's ghost misses you. Lucherd's ghost barely misses you.
The adder barely misses you. The adder barely misses you.
The adder bites you but does no damage.
Lucherd's ghost barely misses you. x2; The adder bites you but does no damage.
You see here a scroll labeled ZIM XOLIOCSE.
i - 4 scrolls labeled ZIM XOLIOCSE (gained 1)
The adder bites you but does no damage.
Lucherd's ghost hits you but does no damage.
The adder closely misses you. Lucherd's ghost hits you!
* * * LOW HITPOINT WARNING * * *
The adder closely misses you. The adder bites you but does no damage.
The adder bites you but does no damage. Lucherd's ghost barely misses you.
As you read the scroll labeled XUKHLU HI POOSHRO, it crumbles to dust.
The scroll dissolves into smoke.
It was a scroll of fog.
The adder bites you.
* * * LOW HITPOINT WARNING * * *
Lucherd's ghost hits you but does no damage.
The adder bites you.
You die...

. .. #.. .....
..###. #.###......
#.....##..))......
#......#††##......
#...## .....
######...###......
..................
####..§WS.###.....
### ##.##@§.......
. ..
#..#§§§###....
#.##.##.#.# ...
#.#.....#.# ..
#.....###.. .
##.#...###.#
###.#.#.....#
####...#.####..#
#....#...# .#


You could see Lucherd's ghost and an adder.

Vanquished Creatures
  A hound (D:3)
  An orc priest (D:4)
  Robin (D:2)
  6 adders
  3 worms
  2 dart slugs (D:2)
  8 orcs
  4 giant cockroaches
  13 goblins
  6 hobgoblins
  3 jackals (D:1)
  5 kobolds
  2 quokkas (D:3)
  A ball python (D:2)
  3 bats
  2 frilled lizards
  A leopard gecko skeleton (D:4)
  4 rats
66 creatures vanquished.

Notes
Turn   | Place    | Note
-------+----------+-------------------------------------------
     0 | D:1      | Fang the Gargoyle Berserker began the quest for the Orb.
     0 | D:1      | Reached XP level 1. HP: 14/14 MP: 1/1
   627 | D:1      | Reached XP level 2. HP: 14/19 MP: 2/2
   865 | D:2      | Noticed Robin
   875 | D:2      | Killed Robin
   875 | D:2      | Reached XP level 3. HP: 19/24 MP: 3/3
  1088 | D:2      | Reached ** piety under Trog
  1283 | D:2      | Reached XP level 4. HP: 18/29 MP: 4/4
  1428 | D:2      | Reached skill level 1 in Stealth
  1803 | D:2      | Found an ancient bone altar of Kikubaaqudgha.
  2134 | D:3      | Reached XP level 5. HP: 27/33 MP: 5/5
  2499 | D:3      | Found a shadowy altar of Dithmenos.
  2728 | D:3      | Found an iron altar of Okawaru.
  2739 | D:3      | Found a burning altar of Makhleb.
  2937 | D:4      | Noticed Lucherd's ghost (amateur MiFi)
  2953 | D:4      | Slain by an adder

Skill      XL: |  1  2  3  4  5 |
---------------+----------------+-----
Axes           | 3 4 |  4.3
Fighting       | 4 |  4.4
Stealth        | 1 |  1.4
Dodging        | 2 |  2.4
Armour         | |  2.4

Action                   |  1- 3 |  4- 6 || total
-------------------------+-------+-------++-------
Melee: Hand axe          |    73 |   136 ||   209
Invok: Berserk           |     2 |     2 ||     4
  Use: Scroll            |       |     1 ||     1
 Stab: Sleeping          |     1 |     1 ||     2
  Eat: Chunk             |     2 |     7 ||     9
Armor: Animal skin       |    15 |    60 ||    75
Dodge: Dodged            |    41 |   111 ||   152
